| TOP OF THE 1ST |
|
Billings Mustangs batting - Pitching for Kingsport Mets : RHP Mark Paddock
|
|
Pitching: RHP Mark Paddock
|
|
|
Batting: LHB Clint Hanninen
|
0-0: Swinging Strike 0-1: Foul Ball, location: 2F 0-2: Strikes out looking
|
|
Batting: RHB Will Trudeau
|
0-0: Ball 1-0: DOUBLE (Line Drive, 7LD, EV 110.0 MPH)
|
|
Batting: LHB Armando Arellano
|
0-0: Foul Ball, location: 2F 0-1: Ball 1-1: Fly out, F4 (Flyball, 4MD, EV 96.9 MPH)
|
|
Batting: RHB Emanuel Estrada
|
0-0: Called Strike 0-1: Ball 1-1: Ball 2-1: Ball 3-1: Base on Balls
|
|
Batting: SHB Sal Esparza
|
0-0: Called Strike 0-1: Fly out, F3 (Flyball, 3D, EV 83.1 MPH)
|
| Top of the 1st over - 0 runs, 1 hit, 0 errors, 2 left on base; Billings 0 - Kingsport 0 |
| BOTTOM OF THE 1ST |
|
Kingsport Mets batting - Pitching for Billings Mustangs : LHP Brett Blevins
|
|
Pitching: LHP Brett Blevins
|
|
|
Batting: LHB Randolph Brodbeck
|
0-0: Swinging Strike 0-1: Called Strike 0-2: Ground out 6-3 (Groundball, 6S, EV 86.2 MPH)
|
|
Batting: RHB Warren Carmichael
|
0-0: Foul Ball, location: 2F 0-1: Ball 1-1: Called Strike 1-2: Ball 2-2: Ball 3-2: Single, Error in OF, E7, batter to second base (Line Drive, 56D, EV 97.5 MPH)
|
|
Batting: RHB Eric Zylstra
|
0-0: Called Strike 0-1: DOUBLE (Flyball, 8LXD, EV 106.2 MPH) Warren Carmichael scores
|
|
Batting: RHB Dan Muse
|
0-0: Called Strike 0-1: Ball 1-1: SINGLE (Groundball, 6MD, EV 99.4 MPH) (infield hit) Eric Zylstra to third
|
|
Batting: RHB Juan Medina
|
0-0: Ball 1-0: Called Strike 1-1: Foul Ball, location: 2F 1-2: Foul Ball, location: 2F 1-2: Ball 2-2: Fly out, F9 (Line Drive, 9, EV 84.4 MPH)
|
|
Batting: SHB Josh Thomson
|
0-0: Ball 1-0: SINGLE (Groundball, 6MD, EV 99.4 MPH) Eric Zylstra scores Dan Muse to second
|
|
Batting: RHB Chris Artz
|
0-0: Ball 1-0: Ball 2-0: Ball 3-0: Called Strike 3-1: Base on Balls Dan Muse to third Josh Thomson to second
|
|
Batting: RHB Craig Alvarado
|
0-0: Swinging Strike 0-1: Called Strike 0-2: Ball 1-2: Foul Ball, location: 2F 1-2: Ball Wild Pitch! Dan Muse scores Josh Thomson to third Chris Artz to second 2-2: Ball 3-2: Foul Ball, location: 2F 3-2: 3-RUN HOME RUN (Flyball, 7D, EV 95.6 MPH), Distance : 384 ft
|
|
Batting: LHB Rick Vallis
|
0-0: Foul Ball, location: 2F 0-1: Fly out, F8 (Flyball, 8LM, EV 91.9 MPH)
|
| Bottom of the 1st over - 6 runs, 5 hits, 1 error, 0 left on base; Billings 0 - Kingsport 6 |
| TOP OF THE 2ND |
|
Billings Mustangs batting - Pitching for Kingsport Mets : RHP Mark Paddock
|
|
Batting: RHB Alex Nagera
|
0-0: SOLO HOME RUN (Line Drive, 78XD, EV 100.0 MPH), Distance : 409 ft
|
|
Batting: RHB Wayne Watson
|
0-0: Ground out 5-3 (Groundball, 56S, EV 70.0 MPH)
|
|
Batting: RHB Ruben Cantu
|
0-0: Swinging Strike 0-1: Foul Ball, location: 2F 0-2: Strikes out looking
|
|
Batting: RHB Jimmy Geddes
|
0-0: Ball 1-0: Called Strike 1-1: Called Strike 1-2: Ball 2-2: SINGLE (Groundball, 34D, EV 103.1 MPH)
|
|
Batting: LHB Clint Hanninen
|
0-0: Ball 1-0: Ground out 4-3 (Groundball, 4, EV 82.5 MPH)
|
| Top of the 2nd over - 1 run, 2 hits, 0 errors, 1 left on base; Billings 1 - Kingsport 6 |
| BOTTOM OF THE 2ND |
|
Kingsport Mets batting - Pitching for Billings Mustangs : LHP Brett Blevins
|
|
Batting: LHB Randolph Brodbeck
|
0-0: Ball 1-0: Reached on error, E4 (Groundball, 34, EV 86.9 MPH)
|
|
Pitching: RHP Finlay Clamp
|
|
|
Batting: RHB Warren Carmichael
|
0-0: Grounds into double play, 5-4-3 (Groundball, 56S, EV 93.8 MPH)
|
|
Batting: RHB Eric Zylstra
|
0-0: Ball 1-0: Swinging Strike 1-1: Foul Ball, location: 2F 1-2: Foul Ball, location: 2F 1-2: Foul Ball, location: 2F 1-2: Ball 2-2: Ball 3-2: Fly out, F9 (Flyball, 9LS, EV 81.2 MPH)
|
| Bottom of the 2nd over - 0 runs, 0 hits, 1 error, 0 left on base; Billings 1 - Kingsport 6 |
| TOP OF THE 3RD |
|
Billings Mustangs batting - Pitching for Kingsport Mets : RHP Mark Paddock
|
|
Batting: RHB Will Trudeau
|
0-0: Ball 1-0: Ball 2-0: Swinging Strike 2-1: Foul Ball, location: 2F 2-2: Strikes out swinging, 2-3 out at first.
|
|
Batting: LHB Armando Arellano
|
0-0: Ball 1-0: Called Strike 1-1: Called Strike 1-2: Foul Ball, location: 2F 1-2: Ground out U3 (Groundball, 34, EV 103.1 MPH)
|
|
Batting: RHB Emanuel Estrada
|
0-0: Ball 1-0: Fly out, F7 (Flyball, 78M, EV 95.6 MPH)
|
| Top of the 3rd over - 0 runs, 0 hits, 0 errors, 0 left on base; Billings 1 - Kingsport 6 |
| BOTTOM OF THE 3RD |
|
Kingsport Mets batting - Pitching for Billings Mustangs : RHP Finlay Clamp
|
|
Batting: RHB Dan Muse
|
0-0: Called Strike 0-1: Foul Ball, location: 2F 0-2: Foul Ball, location: 2F 0-2: Ball 1-2: Ball 2-2: Fly out, F8 (Flyball, 8RM, EV 90.0 MPH)
|
|
Batting: RHB Juan Medina
|
0-0: Ball 1-0: Ball 2-0: Ball 3-0: Called Strike 3-1: DOUBLE (Line Drive, 9LS, EV 110.0 MPH)
|
|
Batting: SHB Josh Thomson
|
0-0: SINGLE (Groundball, 4D, EV 103.1 MPH) Juan Medina to third
|
|
Batting: RHB Chris Artz
|
0-0: Called Strike 0-1: Ball 1-1: Foul Ball, location: 2F 1-2: Ball 2-2: Ball 3-2: Foul Ball, location: 2F 3-2: Foul Ball, location: 2F 3-2: DOUBLE (Line Drive, 9LS, EV 101.2 MPH) Juan Medina scores Josh Thomson to third
|
|
Batting: RHB Craig Alvarado
|
0-0: Ball 1-0: Called Strike 1-1: Swinging Strike 1-2: Ground out U3 (Groundball, 34S, EV 86.2 MPH) Josh Thomson scores Chris Artz to third
|
|
Batting: LHB Rick Vallis
|
0-0: Ball 1-0: Called Strike 1-1: Ball 2-1: Fly out, F9 (Flyball, 89S, EV 76.9 MPH)
|
| Bottom of the 3rd over - 2 runs, 3 hits, 0 errors, 1 left on base; Billings 1 - Kingsport 8 |
| TOP OF THE 4TH |
|
Billings Mustangs batting - Pitching for Kingsport Mets : RHP Mark Paddock
|
|
Batting: SHB Sal Esparza
|
0-0: Foul Ball, location: 2F 0-1: Called Strike 0-2: Strikes out swinging
|
|
Batting: RHB Alex Nagera
|
0-0: Called Strike 0-1: Foul Ball, location: 2F 0-2: Strikes out swinging
|
|
Batting: RHB Wayne Watson
|
0-0: Swinging Strike 0-1: SINGLE (Groundball, 6D, EV 94.4 MPH)
|
|
Batting: RHB Ruben Cantu
|
0-0: Swinging Strike 0-1: Ball 1-1: Swinging Strike 1-2: Ball 2-2: Foul Ball, location: 2F 2-2: Foul Ball, location: 2F 2-2: Foul Ball, location: 2F 2-2: Foul Ball, location: 2F 2-2: Fly out, F7 (Flyball, 7D, EV 97.5 MPH)
|
| Top of the 4th over - 0 runs, 1 hit, 0 errors, 1 left on base; Billings 1 - Kingsport 8 |
| BOTTOM OF THE 4TH |
|
Kingsport Mets batting - Pitching for Billings Mustangs : RHP Finlay Clamp
|
|
Batting: LHB Randolph Brodbeck
|
0-0: Ball 1-0: Ball 2-0: Ball 3-0: Called Strike 3-1: Called Strike 3-2: Foul Ball, location: 2F 3-2: Base on Balls
|
|
Batting: RHB Warren Carmichael
|
0-0: Ball 1-0: Foul Ball, location: 2F 1-1: Swinging Strike 1-2: Foul Ball, location: 2F 1-2: Strikes out looking
|
|
Batting: RHB Eric Zylstra
|
0-0: Ball 1-0: Foul Ball, location: 2F 1-1: Swinging Strike 1-2: Foul Ball, location: 2F 1-2: Strikes out swinging
|
|
Batting: RHB Dan Muse
|
0-0: Called Strike 0-1: Swinging Strike 0-2: Foul Ball, location: 2F 0-2: Strikes out looking
|
| Bottom of the 4th over - 0 runs, 0 hits, 0 errors, 1 left on base; Billings 1 - Kingsport 8 |
| TOP OF THE 5TH |
|
Billings Mustangs batting - Pitching for Kingsport Mets : RHP Mark Paddock
|
|
Batting: RHB Jimmy Geddes
|
0-0: Swinging Strike 0-1: Ball 1-1: Ball 2-1: Swinging Strike 2-2: Foul Ball, location: 2F 2-2: SINGLE (Line Drive, 89S, EV 106.2 MPH)
|
|
Batting: LHB Clint Hanninen
|
0-0: Fielders Choice at 2nd, 1-6 (Groundball, P, EV 70.6 MPH)
|
|
Batting: RHB Will Trudeau
|
0-0: Fly out, F8 (Flyball, 78D, EV 89.4 MPH)
|
|
Batting: LHB Armando Arellano
|
0-0: Swinging Strike 0-1: Ball 1-1: Ground out 4-3 (Groundball, 34, EV 105.0 MPH)
|
| Top of the 5th over - 0 runs, 1 hit, 0 errors, 1 left on base; Billings 1 - Kingsport 8 |
| BOTTOM OF THE 5TH |
|
Kingsport Mets batting - Pitching for Billings Mustangs : RHP Finlay Clamp
|
|
Batting: RHB Juan Medina
|
0-0: Ball 1-0: Foul Ball, location: 2F 1-1: Swinging Strike 1-2: Ball 2-2: Fly out, F8 (Line Drive, 8RM, EV 98.8 MPH)
|
|
Batting: SHB Josh Thomson
|
0-0: Swinging Strike 0-1: Ball 1-1: Called Strike 1-2: Ball 2-2: Ball 3-2: Strikes out looking
|
|
Pitching: RHP Tahir Montazeri
|
|
|
Batting: RHB Chris Artz
|
0-0: Foul Ball, location: 2F 0-1: DOUBLE (Flyball, 8RXD, EV 96.9 MPH)
|
|
Batting: RHB Craig Alvarado
|
0-0: Called Strike 0-1: Foul Ball, location: 2F 0-2: Strikes out swinging
|
| Bottom of the 5th over - 0 runs, 1 hit, 0 errors, 1 left on base; Billings 1 - Kingsport 8 |
| TOP OF THE 6TH |
|
Billings Mustangs batting - Pitching for Kingsport Mets : RHP Mark Paddock
|
|
Batting: RHB Emanuel Estrada
|
0-0: Swinging Strike 0-1: Swinging Strike 0-2: Foul Ball, location: 2F 0-2: Ball 1-2: Ball 2-2: Foul Ball, location: 2F 2-2: Ball 3-2: Base on Balls
|
|
Batting: SHB Sal Esparza
|
0-0: Called Strike 0-1: Ball 1-1: Swinging Strike 1-2: Ball 2-2: Ball 3-2: Strikes out swinging Emanuel Estrada steals 2nd base Batter strikes out.
|
|
Pitching: LHP Antonio Davila
|
|
|
Batting: RHB Alex Nagera
|
0-0: Swinging Strike 0-1: Ground out 5-3 (Groundball, 56, EV 90.6 MPH)
|
|
Batting: RHB Wayne Watson
|
0-0: Ball 1-0: Swinging Strike 1-1: Foul Ball, location: 2F 1-2: Ground out 6-3 (Groundball, 6MS, EV 70.0 MPH)
|
| Top of the 6th over - 0 runs, 0 hits, 0 errors, 1 left on base; Billings 1 - Kingsport 8 |
| BOTTOM OF THE 6TH |
|
Kingsport Mets batting - Pitching for Billings Mustangs : RHP Tahir Montazeri
|
|
Batting: LHB Rick Vallis
|
0-0: Fly out, F6 (Popup, 6, EV 77.5 MPH)
|
|
Batting: LHB Randolph Brodbeck
|
0-0: Called Strike 0-1: Ground out 4-3 (Groundball, 4, EV 80.6 MPH)
|
|
Batting: RHB Warren Carmichael
|
0-0: Ball 1-0: Ball 2-0: Called Strike 2-1: Called Strike 2-2: Ball 3-2: SINGLE (Line Drive, 4M, EV 98.8 MPH)
|
|
Batting: RHB Eric Zylstra
|
0-0: Ball 1-0: Ball Wild Pitch! Warren Carmichael to second 2-0: Ball 3-0: Base on Balls
|
|
Batting: RHB Dan Muse
|
0-0: Swinging Strike 0-1: Swinging Strike 0-2: Strikes out swinging
|
| Bottom of the 6th over - 0 runs, 1 hit, 0 errors, 2 left on base; Billings 1 - Kingsport 8 |
| TOP OF THE 7TH |
|
Billings Mustangs batting - Pitching for Kingsport Mets : LHP Antonio Davila
|
|
Batting: RHB Ruben Cantu
|
0-0: Ball 1-0: Called Strike 1-1: Reached on error, E6 (Groundball, 6, EV 101.2 MPH)
|
|
Batting: RHB Jimmy Geddes
|
0-0: Ball 1-0: Foul Ball, location: 2F 1-1: Ball 2-1: Called Strike 2-2: Ball 3-2: Strikes out swinging
|
|
Batting: LHB Clint Hanninen
|
0-0: Ball Ruben Cantu steals 2nd base (no throw) 1-0: Ball 2-0: Ball 3-0: Foul Ball, location: 2F 3-1: Base on Balls
|
|
Pinch Hitting: LHB Jose Cruz
|
0-0: Ball 1-0: Swinging Strike 1-1: Ball 2-1: Foul Ball, location: 2F 2-2: DOUBLE (Flyball, 8LXD, EV 103.1 MPH) Ruben Cantu scores Clint Hanninen to third
|
|
Batting: LHB Armando Arellano
|
0-0: Called Strike 0-1: Ball 1-1: Ball Wild Pitch! Clint Hanninen scores Jose Cruz to third 2-1: Ball 3-1: Foul Ball, location: 2F 3-2: Foul Ball, location: 2F 3-2: SINGLE (Groundball, 34D, EV 101.2 MPH) Jose Cruz scores
|
|
Pitching: RHP Justin Vallis
|
|
|
Batting: RHB Emanuel Estrada
|
0-0: Ball 1-0: Foul Ball, location: 2F 1-1: Called Strike 1-2: Strikes out looking
|
|
Batting: SHB Sal Esparza
|
0-0: Fly out, F8 (Flyball, 78S, EV 86.9 MPH)
|
| Top of the 7th over - 3 runs, 2 hits, 1 error, 1 left on base; Billings 4 - Kingsport 8 |
| BOTTOM OF THE 7TH |
|
Kingsport Mets batting - Pitching for Billings Mustangs : RHP Tahir Montazeri
|
|
Now in LF: Jose Cruz
|
|
|
Now in RF: Ruben Cantu
|
|
|
Batting: RHB Juan Medina
|
0-0: Swinging Strike 0-1: Ball 1-1: Swinging Strike 1-2: Strikes out looking
|
|
Batting: SHB Josh Thomson
|
0-0: SINGLE (Popup, 4MD, EV 57.5 MPH)
|
|
Batting: RHB Chris Artz
|
0-0: Ball 1-0: Called Strike 1-1: Called Strike 1-2: Foul Ball, location: 2F 1-2: Ball 2-2: Strikes out swinging Josh Thomson is caught stealing 2nd base 2-4 Batter strikes out.
|
| Bottom of the 7th over - 0 runs, 1 hit, 0 errors, 0 left on base; Billings 4 - Kingsport 8 |
| TOP OF THE 8TH |
|
Billings Mustangs batting - Pitching for Kingsport Mets : RHP Justin Vallis
|
|
Pinch Hitting: SHB Gustavo Froio
|
0-0: Called Strike 0-1: Ball 1-1: Called Strike 1-2: SOLO HOME RUN (Line Drive, 78XD, EV 111.2 MPH), Distance : 426 ft
|
|
Batting: RHB Wayne Watson
|
0-0: Ball 1-0: Ball 2-0: Ground out U3 (Groundball, 3S, EV 77.5 MPH)
|
|
Pinch Hitting: RHB Rich Vanegas
|
0-0: Called Strike 0-1: Ball 1-1: Ball 2-1: Ground out 5-3 (Groundball, 5, EV 84.4 MPH)
|
|
Batting: RHB Jimmy Geddes
|
0-0: Ball 1-0: Swinging Strike 1-1: Foul Ball, location: 2F 1-2: Foul Ball, location: 2F 1-2: Strikes out looking
|
| Top of the 8th over - 1 run, 1 hit, 0 errors, 0 left on base; Billings 5 - Kingsport 8 |
| BOTTOM OF THE 8TH |
|
Kingsport Mets batting - Pitching for Billings Mustangs : RHP Tahir Montazeri
|
|
Now at 3B: Gustavo Froio
|
|
|
Now in RF: Cortez Restrepo
|
|
|
Batting: RHB Craig Alvarado
|
0-0: Foul Ball, location: 2F 0-1: Swinging Strike 0-2: Foul Ball, location: 2F 0-2: Strikes out swinging
|
|
Batting: LHB Rick Vallis
|
0-0: Called Strike 0-1: Foul Ball, location: 2F 0-2: Strikes out swinging
|
|
Batting: LHB Randolph Brodbeck
|
0-0: Called Strike 0-1: Ball 1-1: Ground out 1-3 (Groundball, 13, EV 70.0 MPH)
|
| Bottom of the 8th over - 0 runs, 0 hits, 0 errors, 0 left on base; Billings 5 - Kingsport 8 |
| TOP OF THE 9TH |
|
Billings Mustangs batting - Pitching for Kingsport Mets : RHP Justin Vallis
|
|
Pitching: RHP Frank Emery
|
|
|
Batting: LHB Clint Hanninen
|
0-0: Ball 1-0: Called Strike 1-1: Ball 2-1: Ball 3-1: Foul Ball, location: 2F 3-2: Fly out, F7 (Line Drive, 78M, EV 99.4 MPH)
|
|
Batting: LHB Jose Cruz
|
0-0: Ball 1-0: Ball 2-0: Ball 3-0: Called Strike 3-1: Fly out, F9 (Flyball, 89S, EV 90.0 MPH)
|
|
Batting: LHB Armando Arellano
|
0-0: Called Strike 0-1: Called Strike 0-2: Ground out U3 (Groundball, 3, EV 94.4 MPH)
|
| Top of the 9th over - 0 runs, 0 hits, 0 errors, 0 left on base; Billings 5 - Kingsport 8 |
|